 Dungeon Crawl Stone Soup version 0.25-a0-781-gc44aebf (webtiles) character file.

Game seed: 15399628082497326335, levelgen mode: deterministic

46 BlueFish the Magician (level 3, -5/25 HPs)
             Began as a Mummy Wizard on Apr 15, 2020.
             Slain by a gnoll
             ... wielding a +1 flail of holy wrath
              (9 damage)
             ... on level 2 of the Dungeon.
             The game lasted 00:04:49 (2011 turns).

BlueFish the Magician (Mummy Wizard)                Turns: 2011, Time: 00:04:49

Health: -5/25      AC:  4    Str: 10    XL:     3   Next: 46%
Magic:  6/9        EV: 12    Int: 18    God:
Gold:   56         SH:  0    Dex: 10    Spells: 2/12 levels left

rFire    x . .     SeeInvis .   h - +0 spear
rCold    + . .     Gourm    .   (no shield)
rNeg     + + +     Faith    .   a - +0 robe
rPois    ∞         Spirit   .   b - +0 hat
rElec    .         Reflect  .   (no cloak)
rCorr    .         Harm     .   (no gloves)
MR       .....                  g - +1 pair of boots
Stlth    ++........             (no amulet)
HPRegen  0.08/turn              (no ring)
MPRegen  0.11/turn              (no ring)

@: no status effects
A: no food or potions, fire vulnerability, cold resistance 1, negative energy
resistance 3, torment resistance, unbreathing
a: no special abilities


You were on level 2 of the Dungeon.
You were not hungry.

You visited 1 branch of the dungeon, and saw 2 of its levels.

You collected 56 gold pieces.

Inventory:

Hand Weapons
 h - a +0 spear (weapon)
Armour
 a - a +0 robe (worn)
 b - a +0 hat (worn)
 g - a +1 pair of boots (worn)
Scrolls
 c - 2 scrolls of fog
 f - 2 scrolls of identify {unknown}


   Skills:
 * Level 0.7 Fighting
 * Level 1.7 Dodging
 * Level 2.1 Stealth
 * Level 5.0 Spellcasting
 + Level 1.0 Conjurations
 + Level 0.7 Summonings
 + Level 0.7 Translocations


You had 2 spell levels left.
You knew the following spells:

 Your Spells              Type           Power        Failure   Level  Hunger
a - Magic Dart            Conj           #...         9%          1    N/A
b - Blink                 Tloc           N/A          16%         2    N/A
c - Call Imp              Summ           #.......     16%         2    N/A
d - Slow                  Hex            #.......     21%         2    N/A
e - Mephitic Cloud        Conj/Pois/Air  #.......     34%         3    N/A

Your spell library contained the following spells:

 Spells                   Type           Power        Failure   Level  Hunger
 Conjure Flame            Conj/Fire      #.......     32%         3    N/A

Dungeon Overview and Level Annotations

Branches:
Dungeon (2/15)

Altars:
Okawaru


Innate Abilities, Weirdness & Mutations

You do not eat or drink.
Your flesh is vulnerable to fire.
You are immune to poison.
Your flesh is cold resistant. (rC+)
You are immune to negative energy. (rN+++)
You are immune to unholy pain and torment.
You can survive without breathing.


Message History

A gnoll comes into view.
It is wielding a +1 flail of holy wrath.
Attack whom?
Press: ? - help, Dir - move target cursor, f - gnoll
Aim: a gnoll, wielding a +1 flail of holy wrath (hasn't noticed you)
You reach to attack!
You hit the gnoll.
The gnoll is moderately wounded.
You hit the gnoll.
The gnoll is heavily wounded.
The gnoll barely misses you.
You hit the gnoll.
The gnoll is heavily wounded.
The gnoll hits you with a +1 flail of holy wrath!
You convulse.
Casting: Call Imp (safe; 16% risk of failure)
Confirm with . or Enter, or press ? or * to list all spells.
A beastly little devil appears in a puff of frigid air.
The gnoll hits you with a +1 flail of holy wrath!
* * * LOW HITPOINT WARNING * * *
You convulse!
You die...

#.# ###........§..##§#
#.######...#....#...§..
#....÷...#.....#.......
#.#.#.##...#...#.##....
#.#.#.##..###..#. ###.
#.#.#.##..# .#.. .
#.#.#.##..# ##
##.#.#5##..###.#
##.#..#.@g÷.....##)
##.###..............
##!###...........###.
###.## ##.#....[.......
#....## ##.........###.
#.###.###.÷#.......#
#......#...........#
#.#####.#.##)####.##
#.### #.#.##.####..#


You could see a gnoll and a friendly white imp.

Vanquished Creatures
  A gnoll (D:2)
  4 goblins
  4 hobgoblins
  A jackal (D:1)
  2 kobolds (D:1)
  A quokka (D:2)
  3 bats (D:1)
  4 frilled lizards
  3 rats (D:1)
23 creatures vanquished.

Vanquished Creatures (collateral kills)
  A gnoll (D:2)
  An adder (D:2)
2 creatures vanquished.

Grand Total: 25 creatures vanquished

Notes
Turn   | Place    | Note
-------+----------+-------------------------------------------
     0 | D:1      | BlueFish the Mummy Wizard began the quest for the Orb.
     0 | D:1      | Reached XP level 1. HP: 13/13 MP: 5/5
   278 | D:1      | Reached XP level 2. HP: 19/19 MP: 4/7
   302 | D:1      | Learned a level 2 spell: Blink
   305 | D:1      | Learned a level 2 spell: Call Imp
   308 | D:1      | Learned a level 2 spell: Slow
  1705 | D:2      | Found an iron altar of Okawaru.
  1791 | D:2      | Reached XP level 3. HP: 10/25 MP: 0/9
  1796 | D:2      | Learned a level 3 spell: Mephitic Cloud
  1949 | D:2      | Reached skill level 5 in Spellcasting
  1949 | D:2      | Reached skill level 1 in Conjurations
  2011 | D:2      | Slain by a gnoll

Levels and vault maps discovered:
D:1:      elethiomel_arrival_shortcut, layout_basic
D:2:      layout_loops_ring, grunt_temple_overflow_gold_and_silver,
          cheibriados_altar_1, okawaru_ov_weapons_minmay

Skill      XL: |  1  2  3 |
---------------+----------+-----
Spellcasting   | 5 |  5.0
Conjurations   | 1 |  1.0
Stealth        | 2 |  2.1
Fighting       | |  0.7
Dodging        | |  1.7
Summonings     | |  0.7
Translocations | |  0.7

Action                   || total
-------------------------++-------
Melee: Short sword       ||    12
       Spear             ||    15
 Cast: Magic Dart        ||    63
       Call Imp          ||     3
  Use: Scroll            ||     2
 Stab: Distracted        ||     1
Armor: Robe              ||     9
Dodge: Dodged            ||    19

Table legend:
 A = Non-vault XP
 B = Vault XP
 C = Vault XP percentage of total XP
 D = Non-vault monster count
 E = Vault monster count
 F = Vault count percentage of total count
                 A         B        C        D         E       F
            +---------+---------+-------+---------+---------+-------
      Total |      67 |       0 |   0.0 |      25 |       0 |   0.0
            +---------+---------+-------+---------+---------+-------
        D:1 |      21 |       0 |   0.0 |      14 |       0 |   0.0
        D:2 |      46 |       0 |   0.0 |      11 |       0 |   0.0
            +---------+---------+-------+---------+---------+-------
